 Dungeon Crawl Stone Soup version 0.27.1-34-g3ba077fa99 (webtiles) character file.

Game seed: 2496172615003912055

119 styxcanada the Sneak (level 4, -8/23 HPs)
             Began as a Spriggan Brigand on Jan 7, 2022.
             Killed by divine providence
             ... invoked by an orc priest
              (17 damage)
             ... on level 3 of the Dungeon on Jan 8, 2022.
             The game lasted 00:09:45 (2359 turns).

styxcanada the Sneak (Spriggan Brigand)             Turns: 2359, Time: 00:09:46

Health: -8/23      AC:  3    Str:  7    XL:     4   Next: 73%
Magic:  5/5        EV: 21    Int: 12    God:
Gold:   45         SH:  0    Dex: 17    Spells: 3/3 levels left

rFire    . . .     SeeInvis +   a - +2 dagger
rCold    . . .     Faith    .   (shield restricted)
rNeg     . . .     Spirit   .   b - +0 robe
rPois    .         Reflect  .   (helmet restricted)
rElec    .         Harm     .   c - +0 cloak
rCorr    .         Rampage  .   (gloves unavailable)
Will     .....                  (boots unavailable)
Stlth    ++++......             (no amulet)
HPRegen  0.07/turn              d - +4 ring of evasion
MPRegen  0.09/turn              (no ring)

@: very quick
A: very small, no large weapons, unfitting armour, see invisible, speed 3
a: no special abilities


You were on level 3 of the Dungeon.
You visited 1 branch of the dungeon, and saw 3 of its levels.

You collected 45 gold pieces.

Inventory:

Hand Weapons
 a - a +2 dagger (weapon)
 f - a +1 dagger of speed
 i - a +0 hunting sling
Missiles
 g - 14 stones (quivered)
Armour
 b - a +0 robe (worn)
 c - a +0 cloak (worn)
Jewellery
 d - a +4 ring of evasion (left hand)
Scrolls
 h - a scroll of blinking
 k - a scroll of immolation {unknown}
 l - 2 scrolls of teleportation
 m - a scroll of vulnerability {unknown}
Potions
 j - a potion of berserk rage
 n - a potion of might {unknown}
 p - a potion of cancellation


   Skills:
 * Level 2.1 Fighting
 + Level 2.6 Short Blades
 + Level 2.4 Throwing
 * Level 2.5 Dodging
 * Level 7.8 Stealth


You had 3 spell levels left.
You didn't know any spells.
Your spell library was empty.

Dungeon Overview and Level Annotations

Branches:
Dungeon (3/15)

Altars:


Innate Abilities, Weirdness & Mutations

You are very small and have problems with some larger weapons.
You are too small for most types of armour.
You have supernaturally acute eyesight. (SInv)
You cover ground extremely quickly. (Speed+++)


Message History

Aim: an orc, wielding a +0 whip (heavily wounded, 62% to hit)
You throw a poisoned dart. The poisoned dart hits the orc.
The orc is poisoned.
The orc is heavily wounded.
Unknown command.
An orc priest comes into view. It is wielding a +0 whip.
Found a stone staircase leading up.
The orc looks more healthy.
You kill the orc!
Throw: 2 darts (curare)
Press: ? - help, Q - select action, (/) - cycle Shift-Dir - straight line, f/p - orc
Aim: an orc, wielding a +0 whip (severely wounded, 62% to hit)
You throw a curare-tipped dart. The curare-tipped dart hits the orc.
The orc is poisoned.
The orc convulses.
You kill the orc!
You start resting.
An orc priest is nearby!
Throw: dart (curare)
Press: ? - help, Q - select action, (/) - cycle Shift-Dir - straight line, f - orc priest
Aim: an orc priest, wielding a +0 whip and wearing a +0 ring mail (wandering, hasn't noticed you, 65% to hit)
You throw a curare-tipped dart.
The curare-tipped dart barely misses the orc priest.
The orc priest shouts!
Throw: 16 stones
Press: ? - help, Q - select action Shift-Dir - straight line, f/p - orc priest
Aim: an orc priest, wielding a +0 whip and wearing a +0 ring mail (65% to hit)
You throw a stone.
The stone hits the orc priest but does no damage.
Throw: 15 stones
Press: ? - help, Q - select action Shift-Dir - straight line, f/p - orc priest
Aim: an orc priest, wielding a +0 whip and wearing a +0 ring mail (65% to hit)
You throw a stone.
The stone hits the orc priest but does no damage.
The orc priest invokes the aid of Beogh against you.
Pain shoots through your body!
You aren't carrying any items that you can evoke.
The orc priest casts a cantrip, but nothing happens.
The orc priest mumbles some strange prayers to Beogh against you.
Beogh smites you!
Ouch! That really hurt!
You die...

###....#.#####.##>#....o.....#
....#.##.# #.##.#....†...#. #
#!.....# #....#....).?.# ...#
###.#.##### ######.....#..###...
#.........# #.....#........
#........)########[..#..###.#....
#.........##.........#......#....
#.........##......#..###.#..###o.
..........##....@.#......#.......
..........##......###.# .###.#...
.......(####..........# ...#!..
........# #.......<..###.#..###o
..####..# #..............#... ..
.. #(## #######.....#..###.#.. .
#.# #.....# .#.. ..####)# #..o..#
.### ......(# #.....#


You could see an orc priest.

Vanquished Creatures
  A hound skeleton (D:3)
  4 gnolls (D:2)
  2 adders (D:2)
  A dart slug (D:1)
  3 orcs (D:3)
  4 ball pythons (D:1)
  3 bats
  3 endoplasms
  7 goblins
  8 hobgoblins
  2 frilled lizards
  2 kobolds (D:1)
  4 rats
44 creatures vanquished.

Notes
Turn   | Place    | Note
-------+----------+-------------------------------------------
     0 | D:1      | styxcanada the Spriggan Brigand began the quest for the
                  | Orb.
     0 | D:1      | Reached XP level 1. HP: 10/10 MP: 2/2
    35 | D:1      | Reached skill level 6 in Stealth
   194 | D:1      | Reached XP level 2. HP: 14/15 MP: 3/3
  1208 | D:2      | Reached skill level 7 in Stealth
  1208 | D:2      | Reached XP level 3. HP: 11/18 MP: 4/4
  1371 | D:2      | Reached XP level 4. HP: 9/23 MP: 5/5
  1718 | D:2      | Found a faded altar of an unknown god.
  2359 | D:3      | Killed from afar by an orc priest

Illustrated notes

Levels and vault maps discovered:
D:1:      dpeg_arrival_lava_altar, layout_basic, minmay_misc_feat_plants
D:2:      layout_rooms, shapermc_ecumenical_altar_venn
D:3:      corexii_shack_village, layout_basic, nicolae_yredelemnul_corpse_copse,
          minmay_misc_feat_secret_circle, chequers_serial_rivers_small_b,
          chequers_serial_rivers_large_a, interstate_on_off,
          hangedman_decor_points, kennysheep_generic_room_7

Skill      XL: |  1  2  3 |
---------------+----------+-----
Stealth        | 6 7 |  7.8
Dodging        | 2 |  2.5
Fighting       | 2 |  2.1
Short Blades   | |  2.6
Throwing       | |  2.4

Action                   |  1- 3 |  4- 6 || total
-------------------------+-------+-------++-------
Melee: Dagger            |    66 |    53 ||   119
Throw: Dart              |    23 |    12 ||    35
       Stone             |       |     2 ||     2
  Use: Scroll            |       |     5 ||     5
 Stab: Sleeping          |    11 |     1 ||    12
Armor: Robe              |     7 |     3 ||    10
Dodge: Dodged            |    40 |    46 ||    86
